 Dungeon Crawl Stone Soup version 0.29.1-1-gd02db6906a (webtiles) character file.

Game seed: 14151343100258897363

429 VardenPike the Ogre Mage (level 6, -2/51 HPs)
             Began as an Ogre Air Elementalist on Sept 26, 2022.
             Was a Follower of Ru.
             Killed by their own static electricity (3 damage)
             ... on level 4 of the Dungeon on Oct 12, 2022.
             The game lasted 00:38:40 (5217 turns).

VardenPike the Ogre Mage (Ogre Air Elementalist)    Turns: 5217, Time: 00:38:42

Health: -2/51      AC:  4    Str: 13    XL:     6   Next: 98%
Magic:  7/12       EV: 10    Int: 18    God:    Ru [*.....]
Gold:   113        SH:  0    Dex: 15    Spells: 10/13 levels left

rFire   + . .      SeeInvis .   e - +1 flail (pain)
rCold   . . .      Faith    .   (no shield)
rNeg    . . .      Spirit   .   a - +1 robe
rPois   .          Reflect  .   (helmet restricted)
rElec   .          Harm     .   (no cloak)
rCorr   .          Rampage  .   (gloves unavailable)
Will    .....                   (boots unavailable)
Stlth   ++........              (no amulet)
HPRegen 0.17/turn               c - ring of protection from fire
MPRegen 0.13/turn               l - +6 ring of dexterity

@: no status effects
A: large, unfitting armour, frail 1, tough skin 1
a: Renounce Religion


You were on level 4 of the Dungeon.
You worshipped Ru.
Ru was aware of your devotion.
You visited 1 branch of the dungeon, and saw 4 of its levels.

You collected 113 gold pieces.

Inventory:

Hand Weapons
 e - a +1 flail of pain (weapon)
 m - a +0 short sword of chaos
Armour
 a - a +1 robe (worn)
Jewellery
 c - a ring of protection from fire (left hand)
 l - a +6 ring of dexterity (right hand)
Wands
 p - a wand of flame (1)
Scrolls
 d - 2 scrolls of vulnerability
 i - 2 scrolls of teleportation
 k - 2 scrolls of butterflies
 o - a scroll of brand weapon
 t - a scroll of magic mapping
Potions
 b - a potion of magic
 f - 3 potions of flight
 g - a potion of berserk rage {unknown}
 h - a potion of attraction
 j - a potion of curing
 n - a potion of lignification {unknown}
 q - a potion of invisibility {unknown}
 r - a potion of resistance {unknown}
 s - a potion of haste


   Skills:
 + Level 2.2 Fighting
 + Level 2.0 Short Blades
 + Level 2.5 Dodging
 + Level 2.2 Stealth
 + Level 1.0 Unarmed Combat
 + Level 4.1 Spellcasting
 + Level 2.4 Conjurations
 + Level 3.8 Air Magic
 + Level 0.1 Evocations


You had 10 spell levels left.
You knew the following spells:

 Your Spells              Type           Power      Damage    Failure   Level
a - Shock                 Conj/Air       60%        1d6       4%          1
b - Static Discharge      Conj/Air       15%        3-5/arc   6%          2

Your spell library contained the following spells:

 Spells                   Type           Power      Damage    Failure   Level
 Swiftness                Air            17%        N/A       9%          3
 Conjure Flame            Conj/Fire      8%         6-21      26%         3
 Airstrike                Air            8%         2d(2-18)  30%         4
 Ignite Poison            Fire/Tmut/Pois 3%         N/A       41%         3
 Sticky Flame             Conj/Fire      8%         2d3       65%         4


Dungeon Overview and Level Annotations

Branches:
Dungeon (4/15)
 Temple: D:4-7

Altars:
Hepliaklqana
Kikubaaqudgha
Makhleb
Ru
Sif Muna
Uskayaw
Vehumet

Annotations:
D:4 Pikel


Innate Abilities, Weirdness & Mutations

You are too large for most types of armour.
You are frail. (-10% HP)
You have tough skin. (AC +1)


Message History

You hit Pikel.
Pikel is lightly wounded.
Pikel hits you but does no damage.
You hit Pikel but do no damage.
Pikel is lightly wounded.
Pikel hits you but does no damage. x2
Pikel hits you with a +0 whip of flaming.
You sock Pikel!
Pikel is moderately wounded.
Pikel hits you with a +0 whip of flaming!
Pikel burns you.
Pikel hits you with a +0 whip of flaming!
Pikel burns you.
You hit Pikel but do no damage. You punch Pikel, but do no damage.
Pikel is moderately wounded.
Pikel is stunned by your conviction and fails to attack.
Pikel waves his whip at you.
Pikel hits you with a +0 whip of flaming!
Pikel burns you.
You feel better.
Pikel hits you with a +0 whip of flaming!
Pikel burns you.
* * * LOW HITPOINT WARNING * * *
Pikel hits you but does no damage.
You feel better. Pikel misses you.
You completely miss Pikel.
Pikel is moderately wounded.
Pikel hits you with a +0 whip of flaming!
Pikel burns you.
* * * LOW HITPOINT WARNING * * *
Pikel hits you with a +0 whip of flaming!
* * * LOW HITPOINT WARNING * * *
Pikel burns you.
* * * LOW HITPOINT WARNING * * *
Casting: Static Discharge (safe; 6% risk of failure)
Press: ? - help, Q - select action, (/) - cycle Dir - look around, f - activate Pikel is struck by an arc of lightning.
Pikel is moderately wounded.
You are struck by an arc of lightning.
You die...

#.#.# #.# ♣.♣♣♣.♣... 5.#
#.# #...♣...♣. ...#####
#.###....♣ ♣.. ....# ..#
#.##...♣♣♣.♣♣. .....# ..?
#.#.♣♣.......#
.....####.###..P..♣♣♣♣..##
####.555.55............♣.#)
###K###.#♣♣♣.♣♣..♣## #@#
#.#..P.♣.♣♣.♣# #.#
#.#♣§♣~§..♣♣.♣ #.#
#...P§P♣....P. #.#
###.#§P...#..# #>#
#.#♣..####♣# #.# #....##
#.# ###### #.# #.#########


You could see Pikel (fast) and 2 lemures.

Vanquished Creatures
  Sigmund (D:3)
  An iguana (D:4)
  Natasha (thrice) (D:2)
  5 gnolls
  3 adders
  A worm (D:4)
  4 dart slugs
  5 ball pythons
  5 endoplasms
  6 giant cockroaches
  9 hobgoblins
  6 jackals (D:3)
  9 quokkas
  8 bats
  5 frilled lizards
  7 goblins
  5 kobolds
  2 rats
85 creatures vanquished.

Vanquished Creatures (others)
  8 fungi (D:2)
  31 plants
39 creatures vanquished.

Grand Total: 124 creatures vanquished

Notes
Turn   | Place    | Note
-------+----------+-------------------------------------------
     0 | D:1      | VardenPike the Ogre Air Elementalist began the quest for
                  | the Orb.
     0 | D:1      | Reached XP level 1. HP: 16/16 MP: 3/3
   310 | D:1      | Reached skill level 1 in Conjurations
   340 | D:1      | Reached XP level 2. HP: 23/24 MP: 0/5
   928 | D:1      | Reached XP level 3. HP: 31/31 MP: 4/7
  1226 | D:1      | Reached skill level 1 in Unarmed Combat
  1662 | D:2      | Noticed Natasha
  1679 | D:2      | Killed Natasha
  1680 | D:2      | Reached XP level 4. HP: 17/40 MP: 1/8
  1900 | D:2      | Noticed Natasha
  1905 | D:2      | Killed Natasha
  1906 | D:2      | Reached skill level 3 in Spellcasting
  1922 | D:2      | Reached skill level 1 in Fighting
  2047 | D:2      | Learned a level 2 spell: Static Discharge
  2126 | D:2      | Found a faded altar of an unknown god.
  2213 | D:2      | Prayed at the altar of an unknown god.
  2213 | D:2      | Became a worshipper of Ru the Awakened
  2214 | D:2      | Gained mutation: You are frail. (-10% HP) [Ru sacrifice]
  2214 | D:2      | Reached * piety under Ru
  2685 | D:2      | Noticed Natasha
  2691 | D:2      | Killed Natasha
  2692 | D:2      | Reached skill level 1 in Short Blades
  2692 | D:2      | Reached XP level 5. HP: 36/43 MP: 3/9
  3066 | D:3      | Noticed Sigmund
  3869 | D:3      | Found a hazy altar of Hepliaklqana.
  3956 | D:3      | Found a burning altar of Makhleb.
  3956 | D:3      | Found a radiant altar of Vehumet.
  3969 | D:3      | Found a hide-covered altar of Uskayaw.
  3973 | D:3      | Found an ancient bone altar of Kikubaaqudgha.
  4068 | D:3      | Killed Sigmund
  4069 | D:3      | Reached XP level 6. HP: 42/51 MP: 11/11
  4514 | D:4      | Found a shimmering blue altar of Sif Muna.
  4577 | D:4      | Reached skill level 4 in Spellcasting
  5203 | D:4      | Noticed Pikel
  5216 | D:4      | HP: 1/51 [Pikel/+0 whip of flaming (2)]
  5217 | D:4      | Killed from afar by themself

Illustrated notes

Levels and vault maps discovered:
D:1:      amcnicky_arrival_wind_blow, layout_loops_ring,
          hangedman_feature_mirror, chequers_serial_rivers_small_3,
          nrook_campfire
D:2:      layout_loops_ring, shapermc_ecumenical_altar_hornbeckon, uniq_natasha
D:3:      layout_rooms, minmay_overflow_temple_star_hex, grunt_ministairs_7,
          uniq_sigmund
D:4:      wad_woods_tower, layout_basic, mainiacjoe_overflow_alcove_1,
          uniq_pikel

Skill      XL: |  1  2  3  4  5  6 |
---------------+-------------------+-----
Conjurations   | 1 2 |  2.4
Air Magic      | 3 |  3.8
Unarmed Combat | 1 |  1.0
Dodging        | 2 |  2.5
Spellcasting   | 3 4 |  4.1
Fighting       | 1 2 |  2.2
Short Blades   | 1 2 |  2.0
Stealth        | 2 |  2.2
Evocations     | |  0.1

Action                   |  1- 3 |  4- 6 || total
-------------------------+-------+-------++-------
Melee: Unarmed           |    26 |       ||    26
       Dagger            |    57 |    67 ||   124
       Punch             |     1 |     3 ||     4
       Short sword       |       |    92 ||    92
       Flail             |       |    20 ||    20
 Cast: Shock             |    39 |    85 ||   124
       Static Discharge  |       |    15 ||    15
Invok: Sacrifice Health  |       |     1 ||     1
Evoke: Wand              |       |     2 ||     2
  Use: Scroll            |       |    10 ||    10
       Potion            |       |     5 ||     5
 Stab: Sleeping          |       |     5 ||     5
Armor: Robe              |    28 |    48 ||    76
Dodge: Dodged            |    53 |    91 ||   144
